 Dungeon Crawl Stone Soup version 0.18.1-48-g4cf74bf (webtiles) character file.

51 MTVSty1e the Ruffian (level 3, -3/28 HPs)
             Began as a Draconian Transmuter on Aug 5, 2016.
             Slain by an orc priest
             ... wielding a +0 short sword of venom
              (6 damage)
             ... on level 2 of the Dungeon.
             The game lasted 00:05:41 (1539 turns).

MTVSty1e the Ruffian (Draconian Transmuter)         Turns: 1539, Time: 00:05:42

Health: -3/28      AC:  6    Str: 12    XL:     3   Next: 57%
Magic:  6/6        EV: 12    Int: 14    God:
Gold:   69         SH:  0    Dex: 11    Spells: 1 memorised, 5 levels left

rFire  + . .     SeeInvis .     g - +0 short sword
rCold  + . .     Gourm    .     (armour unavailable)
rNeg   . . .     Faith    .     (no shield)
rPois  +         Spirit   .     (helmet restricted)
rElec  +         Dismiss  .     k - +0 cloak
rCorr  +         Reflect  .     (no gloves)
SustAt .         Harm     .     (no boots)
MR     .....                    (no amulet)
Stlth  +.........               (no ring)
                                (no ring)

@: lethally poisoned (-3 -> -27), resistant, not resistant to hostile
enchantments, very unstealthy
A: unfitting armour, cold-blooded, AC +5
a: no special abilities


You were on level 2 of the Dungeon.
You were not hungry.

You visited 1 branch of the dungeon, and saw 3 of its levels.

You collected 69 gold pieces.

Inventory:

Hand Weapons
 g - a +0 short sword (weapon)
Missiles
 a - 12 arrows
Armour
 k - a +0 cloak (worn)
Scrolls
 d - 2 scrolls of identify
 i - a scroll of blinking
 m - a scroll of teleportation {unknown}
Books
 b - a book of Changes

   Spells                             Type                      Level
   a - Beastly Appendage              Transmutation                1
   b - Sticks to Snakes               Transmutation                2
   c - Spider Form                    Transmutation/Poison         3
   d - Ice Form                       Ice/Transmutation            4
   e - Blade Hands                    Transmutation                5
Comestibles
 c - 2 bread rations
 l - a meat ration


   Skills:
 * Level 1.4 Fighting
 + Level 0.4 Short Blades
 + Level 2.4 Dodging
 * Level 0.4 Stealth
 - Level 3.2 Unarmed Combat
 + Level 2.4 Spellcasting
 + Level 2.3 Transmutations


You had 5 spell levels left.
You knew the following spells:

 Your Spells              Type           Power        Failure   Level  Hunger
a - Beastly Appendage     Trmt           #.....       12%         1    #......


Dungeon Overview and Level Annotations

Branches:
Dungeon (3/15)

Altars:
Sif Muna


Innate Abilities, Weirdness & Mutations

Your plain brown scales are hard (AC +5).
Your body does not fit into most forms of armour.
You are cold-blooded and may be slowed by cold attacks.


Message History

You feel sick.
The orc priest hits you but does no damage.
You are more poisoned.
The adder misses you.
Drink which item? (? for menu, Esc to quit)
It was a potion of cancellation.
Your magical effects are unravelling.
Your magical contamination has completely faded away.
You feel magically purged.
* * * LOW HITPOINT WARNING * * *
You feel sick. The adder bites you.
* * * LOW HITPOINT WARNING * * *
The orc priest casts a cantrip, but nothing happens.
Drink which item? (? for menu, Esc to quit)
It was a potion of resistance.
You feel protected.
Your horns disappear.
* * * LOW HITPOINT WARNING * * *
You feel sick. The adder bites you but does no damage.
The orc priest hits you with a short sword of venom.
You die...

##..............####.......
##.............#..........
##............)..........
#..........##............
#..........##.>..........
#..........##.#..........
#..........##)#.........)
#......oS..##.#.........>
##......@..##.#########..
##...[...###.########..#
####...###.............
##### #.............
#.............
#.............
#......####### #......#
#......#


You could see an orc priest and an adder.

Vanquished Creatures
  4 dart slugs
  7 bats
  6 giant cockroaches
  4 goblins (D:2)
  7 hobgoblins
  2 giant newts (D:2)
  6 kobolds
  3 rats
39 creatures vanquished.

Notes
Turn   | Place    | Note
--------------------------------------------------------------
     0 | D:1      | MTVSty1e the Draconian Transmuter began the quest for the Orb.
     0 | D:1      | Reached XP level 1. HP: 16/16 MP: 3/3
   244 | D:1      | Reached XP level 2. HP: 21/23 MP: 5/5
  1054 | D:2      | Reached XP level 3. HP: 28/28 MP: 6/6
  1386 | D:2      | Found a deep blue altar of Sif Muna.
  1539 | D:2      | Slain by an orc priest

Skill      XL: |  1  2 |
---------------+-------+-----
Dodging        | 2 |  2.4
Fighting       | |  1.4
Short Blades   | |  0.4
Stealth        | |  0.4
Unarmed Combat | |  3.2
Spellcasting   | |  2.4
Transmutations | |  2.3

Action                   || total
-------------------------++-------
Melee: Unarmed           ||    17
       Short sword       ||   130
       Tailslap          ||    17
       Kick              ||     4
 Cast: Beastly Appendage ||     5
  Use: Scroll            ||     4
       Potion            ||     3
 Stab: Fleeing           ||     1
  Eat: Meat ration       ||     1
Armor: Skin              ||    62
Dodge: Dodged            ||   115
